 Dungeon Sprint DCSS version 0.17.2-1-ge4368a0 (webtiles) character file.

133 mopl the Covert (level 4, -10/22 HPs)
             Began as a Spriggan Assassin on Aug 22, 2016.
             Mangled by a human (12 damage)
             ... in the Dungeon (Sprint III: "The Ten Rune Challenge").
             The game lasted 00:01:15 (205 turns).

mopl the Covert (Spriggan Assassin)                  Turns: 205, Time: 00:01:15

Health: -10/22     AC:  3    Str:  7    XL:     4   Next: 94%
Magic:  5/5        EV: 17    Int: 12    God:
Gold:   38         SH:  0    Dex: 18    Spells: 0 memorised, 3 levels left

rFire  . . .     SeeInvis +     a - +2 dagger
rCold  . . .     Clarity  .     c - +0 robe
rNeg   . . .     SustAt   .     (shield restricted)
rPois  .         Gourm    .     (helmet restricted)
rElec  .         Spirit   .     d - +0 cloak
rCorr  .         Warding  .     (gloves unavailable)
rMut   .         NoTele   +     (boots unavailable)
MR     .....                    (no amulet)
Stlth  ++++++....               (no ring)
                                (no ring)

@: very quick, not resistant to hostile enchantments, very stealthy
A: unfitting armour, see invisible, herbivore 3, speed 3, slow metabolism 2
a: no special abilities


You were in the Dungeon.
You were not hungry.

You visited 1 branch You collected 38 gold pieces.

Inventory:

Hand Weapons
 a - a +2 dagger (weapon)
 b - a +0 blowgun
Missiles
 e - 7 poisoned needles
Armour
 c - a +0 robe (worn)
 d - a +0 cloak (worn)
Scrolls
 m - a scroll of blinking
 o - a scroll of immolation {unknown}
 p - 2 scrolls of identify {unknown}
 q - 2 scrolls of remove curse {unknown}
 s - a scroll of holy word {unknown}
Potions
 h - 2 potions of curing
 i - a potion of heal wounds
 j - a potion of haste
 k - 2 potions of magic
 n - 2 potions of mutation {unknown}
 r - a potion of might
 u - a potion of cure mutation {unknown}
 v - a potion of flight {unknown}
Comestibles
 g - 2 bread rations
 t - a royal jelly


   Skills:
 - Level 1.5 Fighting
 - Level 2.1 Short Blades
 + Level 7.2 Throwing
 - Level 1.5 Dodging
 + Level 12.0 Stealth


You had 3 spell levels left.
You didn't know any spells.

Dungeon Overview and Level Annotations

Branches:
Dungeon (1/1)

Altars:
Okawaru
Trog


Innate Abilities, Weirdness & Mutations

You are tiny and cannot use many weapons and most armour.
You have supernaturally acute eyesight.
You are a herbivore.
You cover ground extremely quickly.
You need consume almost no food.


Message History

The human is moderately wounded.
You hit the human but do no damage.
The human is moderately wounded.
The human misses you.
You closely miss the human.
The human is moderately wounded.
The human misses you.
You hear a shout!
You closely miss the human.
The human is moderately wounded.
The human closely misses you.
You hit the human.
The human is moderately wounded.
The human hits you.
* * * LOW HITPOINT WARNING * * *
You hit the human.
The human is heavily wounded.
The human hits you!
Ouch! That really hurt!
You die...

▓...#......#####..# #__[#
▓..##.......#..#..# #..)#
▓##.##.##...#..#..###+#'###
##.##.###..##'#..#...p....
▓#.####.##..###...'.⌠......
▓.###†.##..####.p.#...#####
▓#.....##).###....#.⌠.#
###..##..†##.....#...#
##..##...@#.p...(#+###
#..###..##p#.....# #(.#
#..#####....# ▓▓▓▓ ▓▓▓▓
▓▓▓▓▓▓


You could see a human.

Vanquished Creatures
  A water elemental (D)
  Jessica (D)
  A wolf (D)
  A human (D)
  An ooze (D)
  2 rats (D)
7 creatures vanquished.

Notes
Turn   | Place    | Note
--------------------------------------------------------------
     0 | D        | mopl the Spriggan Assassin began the quest for the Orb.
     0 | D        | Reached XP level 1. HP: 10/10 MP: 2/2
     9 | D        | Reached skill level 6 in Stealth
    12 | D        | Reached skill level 3 in Throwing
    12 | D        | Reached skill level 7 in Stealth
    38 | D        | Noticed Jessica
    41 | D        | Killed Jessica
    41 | D        | Reached skill level 4 in Throwing
    41 | D        | Reached skill level 9 in Stealth
    41 | D        | Reached XP level 2. HP: 14/14 MP: 3/3
    41 | D        | Reached XP level 3. HP: 18/18 MP: 4/4
    52 | D        | Noticed a wolf
    58 | D        | Killed a wolf
    58 | D        | Reached skill level 5 in Throwing
    77 | D        | Reached skill level 10 in Stealth
    77 | D        | Reached XP level 4. HP: 22/22 MP: 5/5
   107 | D        | Noticed a water elemental
   126 | D        | Killed a water elemental
   126 | D        | Reached skill level 7 in Throwing
   126 | D        | Reached skill level 12 in Stealth
   169 | D        | Found an iron altar of Okawaru.
   170 | D        | Found a bloodstained altar of Trog.
   170 | D        | Noticed a human
   170 | D        | Noticed a human
   205 | D        | Mangled by a human

Action                   |  1- 3 |  4- 6 || total
-------------------------+-------+-------++-------
Melee: Dagger            |     8 |    18 ||    26
 Fire: Blowgun           |    10 |     3 ||    13
  Use: Potion            |       |     1 ||     1
 Stab: Sleeping          |     1 |       ||     1
